[Event "48th Rilton Cup 2018"]
[Site "Stockholm"]
[Date "2018.12.27"]
[Round "1"]
[White "Kobalia, Mikhail"]
[Black "Ziegler, Ari"]
[Result "1-0"]
[ECO "C11"]
[WhiteElo "2620"]
[BlackElo "2312"]
[Annotator "RC"]
[PlyCount "69"]
[EventDate "2018.12.27"]
[EventType "swiss"]
[EventCountry "SWE"]
[SourceTitle "playchess.com"]
[Source "ChessBase"]
[SourceQuality "1"]
[TimeControl "40/5400+30:1800+30"]

1. e4 e6 2. d4 d5 3. Nc3 Nf6 4. e5 Nfd7 5. f4 c5 6. Nf3 Nc6 7. Be3 a6 8. Ne2 b6 9. c3 Bb7 10. g4 h5 11. gxh5 cxd4 12. cxd4 Rxh5 13. f5 Rxf5 14. Ng3 Rxf3 15. Qxf3 Qh4 16. O-O-O Nb4 17. Bd3 Rc8+ 18. Kb1 Nxd3 19. Rxd3 Qh7 20. Bf4 a5 21. Ka1 Be7 22. Rc3 g5 23. Bd2 Rxc3 24. Qxc3 Bd8 25. Qc1 Qh4 26. Be3 Ba6 27. Qc6 Bc4 28. Qa8 g4 29. b3 Bb5 30. Rc1 a4 31. Rc8 axb3 32. axb3 f5 33. Bd2 Qe7 34. Nh5 Bd3 35. Rxd8+ 1-0

[Event "48th Rilton Cup 2018"]
[Site "Stockholm"]
[Date "2018.12.27"]
[Round "1"]
[White "Donchenko, Alexander"]
[Black "Vignesh B"]
[Result "1-0"]
[ECO "A61"]
[WhiteElo "2604"]
[BlackElo "1740"]
[Annotator "RC"]
[PlyCount "71"]
[EventDate "2018.12.27"]
[EventType "swiss"]
[EventCountry "SWE"]
[SourceTitle "playchess.com"]
[Source "ChessBase"]
[SourceQuality "1"]
[TimeControl "40/5400+30:1800+30"]

1. d4 Nf6 2. c4 e6 3. Nf3 c5 4. d5 d6 5. Nc3 exd5 6. cxd5 g6 7. Bf4 Bg7 8. Qa4+ Bd7 9. Qb3 b5 10. Bxd6 Qb6 11. Be5 O-O 12. e3 c4 13. Qd1 Rd8 14. Qd4 Qxd4 15. Nxd4 a6 16. a3 Re8 17. Nf3 a5 18. Bd4 Na6 19. Ne5 Ng4 20. Nxd7 Bxd4 21. Be2 Nf6 22. exd4 Nxd7 23. Nxb5 Rab8 24. Nd6 Rxe2+ 25. Kxe2 Rxb2+ 26. Kf3 Rb3+ 27. Kf4 Nc7 28. Nxc4 Nxd5+ 29. Kg4 N7f6+ 30. Kh4 Ne4 31. Rhb1 f5 32. f3 Nf4 33. fxe4 Nxg2+ 34. Kg5 Kg7 35. exf5 h6+ 36. Kg4 1-0

[Event "48th Rilton Cup 2018"]
[Site "Stockholm"]
[Date "2018.12.27"]
[Round "1"]
[White "Maze, Sebastien"]
[Black "Kolbus, Dietmar"]
[Result "1/2-1/2"]
[ECO "A13"]
[WhiteElo "2596"]
[BlackElo "2304"]
[Annotator "ChessBase"]
[PlyCount "109"]
[EventDate "2018.12.27"]
[EventType "swiss"]
[EventCountry "SWE"]
[SourceTitle "playchess.com"]
[Source "ChessBase"]
[SourceQuality "1"]
[TimeControl "40/5400+30:1800+30"]

1. c4 e6 2. Nf3 Nf6 3. e3 b6 4. d4 Bb7 5. Bd3 Bb4+ 6. Nc3 Bxc3+ 7. bxc3 Be4 8. Be2 O-O 9. O-O d6 10. Nd2 Bb7 11. f3 Nbd7 12. e4 e5 13. Rf2 Re8 14. Nf1 c5 15. d5 Nf8 16. Ne3 Bc8 17. Bd3 Ng6 18. g3 Kh8 19. Bd2 Rb8 20. Qc2 Rb7 21. Kh1 Bd7 22. Rg1 Rg8 23. h4 Nh5 24. Rh2 Ne7 25. Nf5 Nxf5 26. exf5 Re8 27. g4 Nf4 28. Be4 f6 29. Qc1 Bc8 30. Bxf4 exf4 31. Qxf4 Qe7 32. Qd2 Qf8 33. Qf4 Re5 34. g5 Rbe7 35. Rhg2 fxg5 36. Rxg5 Rf7 37. f6 gxf6 38. R5g3 f5 39. Bd3 Re8 40. Rg5 Rf6 41. Qg3 Rf7 42. f4 h6 43. Rg6 Rf6 44. Rg7 Rf7 45. Rxf7 Qxf7 46. Qg6 Qf8 47. Rg3 Re7 48. Kg2 Rf7 49. Kf2 Rf6 50. Qh5 Bd7 51. Qd1 Kh7 52. Be2 Rg6 53. Re3 Qf6 54. Qh1 Rg7 55. Qh3 1/2-1/2

[Event "48th Rilton Cup 2018"]
[Site "Stockholm"]
[Date "2018.12.27"]
[Round "1"]
[White "Liang, Awonder"]
[Black "Klek, Hanna Marie"]
[Result "1-0"]
[ECO "C96"]
[WhiteElo "2589"]
[BlackElo "2301"]
[Annotator "ChessBase"]
[PlyCount "131"]
[EventDate "2018.12.27"]
[EventType "swiss"]
[EventCountry "SWE"]
[SourceTitle "playchess.com"]
[Source "ChessBase"]
[SourceQuality "1"]
[TimeControl "40/5400+30:1800+30"]

1. e4 e5 2. Nf3 Nc6 3. Bb5 a6 4. Ba4 Nf6 5. O-O Be7 6. Re1 b5 7. Bb3 d6 8. c3 O-O 9. h3 Na5 10. Bc2 c5 11. d4 Nd7 12. d5 Nb6 13. Nbd2 g6 14. b4 Nb7 15. Nf1 Bf6 16. Be3 Qc7 17. a4 bxa4 18. Bxa4 Nxa4 19. Rxa4 Bd7 20. Ra3 Bg7 21. Qd2 Rfb8 22. Rea1 a5 23. Ng3 Bb5 24. Qa2 a4 25. Qd2 cxb4 26. cxb4 Nd8 27. h4 Qb7 28. h5 f6 29. Nh4 Be8 30. Rb1 Qd7 31. Nf3 Rb7 32. Bh6 Rab8 33. Bxg7 Qxg7 34. Nf1 Nf7 35. Ne3 Bd7 36. Nc4 Qh6 37. Re3 Qxh5 38. Na5 Rb6 39. Nc6 Bxc6 40. dxc6 Rxc6 41. b5 Rc5 42. Qa5 Qg4 43. Qxa4 Qd7 44. Reb3 Rb7 45. Nd2 Ng5 46. Qa2 Kg7 47. b6 Ne6 48. Ra3 Rc8 49. Ra7 Nc5 50. Rxb7 Qxb7 51. Nc4 Ra8 52. Qb2 Nxe4 53. Qb4 Qd5 54. b7 Rb8 55. Na5 Nc5 56. Qb6 Kh6 57. Qc7 Qa2 58. Re1 Na6 59. Qb6 Qd2 60. Re3 Qd1+ 61. Kh2 Qd4 62. Qxa6 Qf4+ 63. Kg1 d5 64. Qd6 d4 65. Rh3+ Kg7 66. Qc7+ 1-0

[Event "48th Rilton Cup 2018"]
[Site "Stockholm"]
[Date "2018.12.27"]
[Round "1"]
[White "Volkov, Sergey"]
[Black "Priyanka Nutakki"]
[Result "1-0"]
[ECO "E20"]
[WhiteElo "2583"]
[BlackElo "2293"]
[Annotator "ChessBase"]
[PlyCount "85"]
[EventDate "2018.12.27"]
[EventType "swiss"]
[EventCountry "SWE"]
[SourceTitle "playchess.com"]
[Source "ChessBase"]
[SourceQuality "1"]
[TimeControl "40/5400+30:1800+30"]

1. d4 Nf6 2. c4 e6 3. Nc3 Bb4 4. f3 d5 5. a3 Bxc3+ 6. bxc3 O-O 7. cxd5 Nxd5 8. e4 Nb6 9. Bd3 c5 10. Ne2 Nc6 11. Be3 Qe7 12. O-O Rd8 13. Qb1 cxd4 14. cxd4 Bd7 15. Rc1 Rac8 16. Bf2 h6 17. h3 Be8 18. Ra2 Na5 19. Rxc8 Rxc8 20. Qb4 Qxb4 21. axb4 Nc6 22. Be1 a6 23. b5 axb5 24. Bxb5 Nb4 25. Ra5 Nc6 26. Ra1 Rd8 27. Bg3 Nc8 28. Bc7 Rd7 29. Ba5 N8a7 30. Bxc6 Nxc6 31. Bb6 f6 32. Ra8 Kf7 33. Kf2 Re7 34. Nc3 Nb4 35. Ke3 Na6 36. d5 Bd7 37. Rd8 Kg6 38. f4 exd5 39. Nxd5 Rf7 40. f5+ Kg5 41. Kf3 Bc6 42. Be3+ Kh4 43. Bf2+ 1-0

[Event "48th Rilton Cup 2018"]
[Site "Stockholm"]
[Date "2018.12.27"]
[Round "1"]
[White "Sengupta, Deep"]
[Black "Kenneskog, Theodor"]
[Result "1-0"]
[ECO "B23"]
[WhiteElo "2565"]
[BlackElo "2287"]
[Annotator "ChessBase"]
[PlyCount "69"]
[EventDate "2018.12.27"]
[EventType "swiss"]
[EventCountry "SWE"]
[SourceTitle "playchess.com"]
[Source "ChessBase"]
[SourceQuality "1"]
[TimeControl "40/5400+30:1800+30"]

1. e4 c5 2. Nc3 d6 3. f4 g6 4. Nf3 Bg7 5. Bb5+ Bd7 6. a4 Nh6 7. O-O O-O 8. d3 Nc6 9. h3 f5 10. Be3 Nd4 11. Bc4+ Nf7 12. Bxd4 cxd4 13. Ne2 Kh8 14. e5 e6 15. exd6 Qb6 16. Qe1 Qxd6 17. Qf2 h6 18. Nexd4 g5 19. fxg5 hxg5 20. c3 a6 21. Ne2 b5 22. axb5 axb5 23. Rxa8 Rxa8 24. Bb3 Bf6 25. Ng3 b4 26. d4 bxc3 27. bxc3 Rb8 28. Nd2 Qf8 29. Qe2 Rb6 30. Ra1 Qd6 31. Qh5+ Kg7 32. Nxf5+ exf5 33. Qxf7+ Kh6 34. Nc4 Bxd4+ 35. Kh1 1-0

[Event "48th Rilton Cup 2018"]
[Site "Stockholm"]
[Date "2018.12.27"]
[Round "1"]
[White "Kulaots, Kaido"]
[Black "Dauth, Benjamin"]
[Result "1-0"]
[ECO "C50"]
[WhiteElo "2555"]
[BlackElo "2283"]
[Annotator "ChessBase"]
[PlyCount "47"]
[EventDate "2018.12.27"]
[EventType "swiss"]
[EventCountry "SWE"]
[SourceTitle "playchess.com"]
[Source "ChessBase"]
[SourceQuality "1"]
[TimeControl "40/5400+30:1800+30"]

1. e4 e5 2. Nf3 Nc6 3. Bc4 d6 4. c3 Be6 5. Bxe6 fxe6 6. d4 Nf6 7. Qb3 Qd7 8. Nbd2 exd4 9. cxd4 O-O-O 10. O-O g5 11. d5 exd5 12. exd5 Ne7 13. Nc4 Nexd5 14. Bxg5 Be7 15. Rfd1 Qf5 16. Bxf6 Nxf6 17. Nd4 Qg5 18. Ne6 Qh5 19. Nxd8 Rxd8 20. Qe3 Ng4 21. Qxe7 Qxh2+ 22. Kf1 Qh1+ 23. Ke2 Qxg2 24. Nxd6+ 1-0

[Event "48th Rilton Cup 2018"]
[Site "Stockholm"]
[Date "2018.12.27"]
[Round "1"]
[White "Hillarp Persson, Tiger"]
[Black "Golikov, Daniil"]
[Result "1-0"]
[ECO "A05"]
[WhiteElo "2546"]
[BlackElo "2278"]
[Annotator "ChessBase"]
[PlyCount "67"]
[EventDate "2018.12.27"]
[EventType "swiss"]
[EventCountry "SWE"]
[SourceTitle "playchess.com"]
[Source "ChessBase"]
[SourceQuality "1"]
[TimeControl "40/5400+30:1800+30"]

1. Nf3 Nf6 2. c4 e6 3. g3 b6 4. Bg2 Bb7 5. O-O c5 6. b3 Be7 7. Bb2 O-O 8. e3 d5 9. Nc3 dxc4 10. bxc4 Nc6 11. Qe2 Rc8 12. Rad1 Qc7 13. Ne1 Qb8 14. f4 Rfd8 15. g4 Na5 16. g5 Ne8 17. Ne4 Nd6 18. Nxd6 Bxd6 19. Bc3 Nc6 20. Rf3 Nd4 21. exd4 Bxf3 22. Nxf3 Bxf4 23. dxc5 bxc5 24. Qe4 Qc7 25. h4 Bg3 26. Ne5 Qd6 27. Bf1 Bxe5 28. Bxe5 Qc6 29. Qf4 Qa4 30. Rb1 Rd7 31. Bc3 Qc2 32. Rb8 Rdd8 33. Rxc8 Rxc8 34. Qe5 1-0

[Event "48th Rilton Cup 2018"]
[Site "Stockholm"]
[Date "2018.12.27"]
[Round "1"]
[White "Urkedal, Frode Olav Olsen"]
[Black "Pranav Anand"]
[Result "1/2-1/2"]
[ECO "D38"]
[WhiteElo "2537"]
[BlackElo "2274"]
[Annotator "ChessBase"]
[PlyCount "116"]
[EventDate "2018.12.27"]
[EventType "swiss"]
[EventCountry "SWE"]
[SourceTitle "playchess.com"]
[Source "ChessBase"]
[SourceQuality "1"]
[TimeControl "40/5400+30:1800+30"]

1. d4 Nf6 2. c4 e6 3. Nf3 d5 4. Nc3 Bb4 5. e3 O-O 6. Bd3 dxc4 7. Bxc4 b6 8. O-O Bb7 9. Qe2 Nbd7 10. Bd3 c5 11. a3 cxd4 12. axb4 dxc3 13. bxc3 Bxf3 14. gxf3 Ne5 15. Ba6 Qc7 16. f4 Nc6 17. e4 Ne7 18. c4 Rad8 19. Bb5 Qb7 20. f3 Nh5 21. Qg2 Ng6 22. Qg5 Nf6 23. f5 h6 24. Qg2 exf5 25. exf5 Ne7 26. Bb2 Kh7 27. Kh1 Rg8 28. Rae1 Nc8 29. Ba4 Qc7 30. Bb3 Nd6 31. Be5 Qc6 32. c5 bxc5 33. bxc5 Qxc5 34. Bxd6 Rxd6 35. Bxf7 Rf8 36. Qg6+ Kh8 37. Rg1 Ne8 38. Re6 Rxe6 39. fxe6 Qe3 40. Rg3 Qc1+ 41. Rg1 Qc3 42. Rg3 Qe1+ 43. Kg2 Qe2+ 44. Kh3 Qf1+ 45. Kh4 Qc4+ 46. Qg4 g5+ 47. Kh3 Qxg4+ 48. fxg4 Kg7 49. Rd3 Nf6 50. Ra3 Ra8 51. Ra6 Nd5 52. Kg3 Nf4 53. Kf3 Kf6 54. Ke4 Rb8 55. Rxa7 Rb4+ 56. Kf3 Rb3+ 57. Kf2 Nxe6 58. Bxe6 Ke5 1/2-1/2

[Event "48th Rilton Cup 2018"]
[Site "Stockholm"]
[Date "2018.12.27"]
[Round "1"]
[White "Ivanov, Sergey"]
[Black "Babikov, Ivan"]
[Result "1/2-1/2"]
[ECO "D51"]
[WhiteElo "2524"]
[BlackElo "2268"]
[Annotator "ChessBase"]
[PlyCount "110"]
[EventDate "2018.12.27"]
[EventType "swiss"]
[EventCountry "SWE"]
[SourceTitle "playchess.com"]
[Source "ChessBase"]
[SourceQuality "1"]
[TimeControl "40/5400+30:1800+30"]

1. d4 Nf6 2. c4 e6 3. Nc3 d5 4. Bg5 c6 5. e3 Nbd7 6. cxd5 exd5 7. Bd3 Be7 8. Qc2 O-O 9. Nge2 Re8 10. O-O Nf8 11. Rad1 Nh5 12. Bxe7 Qxe7 13. a3 g6 14. b4 a5 15. Qb3 axb4 16. axb4 Ng7 17. Na4 Bf5 18. b5 Ra5 19. bxc6 bxc6 20. Qc2 Qa7 21. Nec3 Nd7 22. Nb2 Ra3 23. Nca4 Qa6 24. Bxa6 Bxc2 25. Ra1 Rxa1 26. Rxa1 Ne6 27. Rc1 Ra8 28. Rxc2 Rxa6 29. g4 Kf8 30. Kg2 Ke7 31. h4 h5 32. g5 Kd6 33. f3 Ng7 34. e4 Ne6 35. Rd2 Nb6 36. Nc3 Ra3 37. exd5 Nf4+ 38. Kg3 Rxc3 39. Kxf4 Nxd5+ 40. Kg3 Ne3 41. Kf4 Nf5 42. Nd3 Nxh4 43. Ke4 Nf5 44. Ne5 Ke7 45. Ra2 Nd6+ 46. Kf4 Ke6 47. Ra5 Nf5 48. Nxc6 h4 49. d5+ Kd6 50. Ne5 Rc7 51. Ke4 Ng3+ 52. Kd4 Ne2+ 53. Ke4 Nc3+ 54. Kd4 Ne2+ 55. Ke4 Nc3+ 1/2-1/2

[Event "48th Rilton Cup 2018"]
[Site "Stockholm"]
[Date "2018.12.27"]
[Round "1"]
[White "Sandu, Mihaela"]
[Black "Lagarde, Maxime"]
[Result "0-1"]
[ECO "B00"]
[WhiteElo "2312"]
[BlackElo "2616"]
[Annotator "RC"]
[PlyCount "86"]
[EventDate "2018.12.27"]
[EventType "swiss"]
[EventCountry "SWE"]
[SourceTitle "playchess.com"]
[Source "ChessBase"]
[SourceQuality "1"]
[TimeControl "40/5400+30:1800+30"]

1. e4 Nc6 2. Nf3 d6 3. d4 Nf6 4. Nc3 g6 5. Be2 Bg7 6. O-O O-O 7. d5 Nb8 8. Re1 e5 9. dxe6 Bxe6 10. h3 Nc6 11. Bf1 h6 12. Nd5 Nd7 13. c3 Nc5 14. b4 Nd7 15. Nd4 Nxd4 16. cxd4 Bxd5 17. exd5 Nb6 18. Qf3 a5 19. b5 a4 20. Bd2 Bxd4 21. Bxh6 Bxa1 22. Bxf8 Qf6 23. Bh6 Qxf3 24. gxf3 Bg7 25. Bd2 Nxd5 26. Rc1 Bd4 27. Bd3 Bc5 28. Rc4 Nb6 29. Rh4 d5 30. Bc3 Kf8 31. Bf6 Ke8 32. f4 Be7 33. Bxe7 Kxe7 34. f5 g5 35. Rg4 Kf6 36. f4 gxf4 37. Rxf4 Nd7 38. Bc2 Nc5 39. Rh4 Ra5 40. b6 c6 41. Rg4 Rb5 42. h4 Rb2 43. Rg2 d4 0-1

[Event "48th Rilton Cup 2018"]
[Site "Stockholm"]
[Date "2018.12.27"]
[Round "1"]
[White "Estremera Panos, Sergio"]
[Black "Gajewski, Grzegorz"]
[Result "0-1"]
[ECO "E47"]
[WhiteElo "2310"]
[BlackElo "2598"]
[Annotator "ChessBase"]
[PlyCount "60"]
[EventDate "2018.12.27"]
[EventType "swiss"]
[EventCountry "SWE"]
[SourceTitle "playchess.com"]
[Source "ChessBase"]
[SourceQuality "1"]
[TimeControl "40/5400+30:1800+30"]

1. d4 Nf6 2. c4 e6 3. Nc3 Bb4 4. e3 O-O 5. Bd3 b6 6. Nge2 d5 7. a3 Be7 8. O-O dxc4 9. Bxc4 c5 10. dxc5 Qc7 11. b4 bxc5 12. b5 Bb7 13. Ng3 Nbd7 14. Bb2 Ne5 15. Qe2 h5 16. f4 Nxc4 17. Qxc4 Rad8 18. Rf2 h4 19. Nge4 Qd7 20. Nxf6+ Bxf6 21. Ne4 Bxb2 22. Rxb2 h3 23. Rd2 Qxd2 24. Nxd2 Rxd2 25. gxh3 Rg2+ 26. Kf1 Rd8 27. e4 Rxh2 28. Kg1 Rdd2 29. Re1 Rdg2+ 30. Kf1 Rc2 0-1

[Event "48th Rilton Cup 2018"]
[Site "Stockholm"]
[Date "2018.12.27"]
[Round "1"]
[White "Chizhikov, Vladislav"]
[Black "Karthikeyan, Murali"]
[Result "0-1"]
[ECO "A48"]
[WhiteElo "2304"]
[BlackElo "2591"]
[Annotator "ChessBase"]
[PlyCount "90"]
[EventDate "2018.12.27"]
[EventType "swiss"]
[EventCountry "SWE"]
[SourceTitle "playchess.com"]
[Source "ChessBase"]
[SourceQuality "1"]
[TimeControl "40/5400+30:1800+30"]

1. d4 Nf6 2. Nf3 g6 3. c4 Bg7 4. g3 c5 5. Bg2 cxd4 6. O-O d3 7. Qxd3 O-O 8. Nc3 Nc6 9. Bg5 d6 10. Rac1 Be6 11. Rfd1 Ng4 12. Nd5 h6 13. Bd2 Rc8 14. Qb3 b6 15. Bc3 Na5 16. Bxa5 bxa5 17. Qb7 Re8 18. c5 Rxc5 19. Rxc5 dxc5 20. h3 Ne5 21. Nf6+ Bxf6 22. Rxd8 Nxf3+ 23. Bxf3 Rxd8 24. Qxa7 c4 25. Qxa5 Rd1+ 26. Kg2 Bxb2 27. e3 Rd6 28. Be4 c3 29. Qa4 Kg7 30. Bc2 Rd2 31. Bb3 h5 32. Qb4 c2 33. Bxc2 Rxc2 34. a4 Bd5+ 35. e4 Bc6 36. a5 e5 37. g4 Bd4 38. Kf1 Bxe4 39. gxh5 Bd3+ 40. Kg2 Rxf2+ 41. Kg3 Be4 42. h6+ Kxh6 43. Qf8+ Kh7 44. h4 Rf4 45. Kh2 Bf2 0-1

[Event "48th Rilton Cup 2018"]
[Site "Stockholm"]
[Date "2018.12.27"]
[Round "1"]
[White "Buchenau, Frank"]
[Black "Gopal G.N."]
[Result "0-1"]
[ECO "B51"]
[WhiteElo "2289"]
[BlackElo "2582"]
[Annotator "ChessBase"]
[PlyCount "128"]
[EventDate "2018.12.27"]
[EventType "swiss"]
[EventCountry "SWE"]
[SourceTitle "playchess.com"]
[Source "ChessBase"]
[SourceQuality "1"]
[TimeControl "40/5400+30:1800+30"]

1. e4 c5 2. Nf3 d6 3. Bb5+ Nd7 4. O-O a6 5. Bd3 Ngf6 6. Re1 e6 7. c3 b5 8. Bc2 Bb7 9. d4 Be7 10. Nbd2 Qc7 11. Nf1 O-O 12. Ng3 Rfe8 13. Be3 Bf8 14. h3 Rac8 15. Rc1 g6 16. Qd2 Bg7 17. Bh6 Bh8 18. Nh2 a5 19. f4 cxd4 20. cxd4 Qb6 21. Kh1 Rc4 22. Nf3 Rec8 23. f5 e5 24. Be3 Qc7 25. Bd3 Rxc1 26. Rxc1 Qxc1+ 27. Qxc1 Rxc1+ 28. Bxc1 exd4 29. Nxd4 b4 30. Nb3 a4 31. Na5 Nc5 32. Nxb7 Nxd3 33. Bd2 Nd7 34. b3 axb3 35. axb3 N7c5 36. Nxc5 dxc5 37. fxg6 hxg6 38. Nf1 c4 39. Bxb4 cxb3 40. Nd2 b2 41. Ba3 Nf2+ 42. Kg1 Nxe4 43. Bxb2 Nxd2 44. Bc1 Bd4+ 45. Kh1 Be3 46. Bb2 f5 47. Kh2 Nf1+ 48. Kh1 Kf7 49. Bc3 Ng3+ 50. Kh2 Bf4 51. Be1 Ne2+ 52. Kh1 Bg3 53. Bd2 Ke6 54. Bg5 Kd5 55. Bh6 Ke4 56. Bg5 Kd3 57. Bh6 Bf4 58. Bf8 Ng3+ 59. Kg1 Ke2 60. Be7 Be3+ 61. Kh2 Nf1+ 62. Kh1 Nd2 63. Kh2 Ne4 64. Bd8 Kf1 0-1

[Event "48th Rilton Cup 2018"]
[Site "Stockholm"]
[Date "2018.12.27"]
[Round "1"]
[White "Ornstein, Axel"]
[Black "Santos Latasa, Jaime"]
[Result "0-1"]
[ECO "D43"]
[WhiteElo "2289"]
[BlackElo "2584"]
[Annotator "ChessBase"]
[PlyCount "116"]
[EventDate "2018.12.27"]
[EventType "swiss"]
[EventCountry "SWE"]
[SourceTitle "playchess.com"]
[Source "ChessBase"]
[SourceQuality "1"]
[TimeControl "40/5400+30:1800+30"]

1. d4 Nf6 2. Nf3 d5 3. c4 e6 4. Bg5 h6 5. Bxf6 Qxf6 6. Nc3 c6 7. Qb3 Nd7 8. e4 dxe4 9. Nxe4 Qf4 10. Bd3 Be7 11. O-O O-O 12. Rad1 e5 13. dxe5 Nxe5 14. Nxe5 Qxe5 15. f4 Qd4+ 16. Kh1 Qb6 17. Qc2 Bf5 18. Ng3 Bxd3 19. Rxd3 Rad8 20. Nf5 Bf6 21. Rb3 Qa5 22. Rxb7 Rd2 23. b4 Qxb4 24. Rxb4 Rxc2 25. Ra4 Re8 26. Ng3 Bd4 27. h4 Rb8 28. Nf5 Bc5 29. Ra5 Bb6 30. Ra3 Kh7 31. Rg3 g6 32. Nd6 Bc7 33. Rd1 Rd8 34. Rgd3 Kg8 35. Nxf7 Rxd3 36. Rxd3 Bxf4 37. g3 Kxf7 38. gxf4 Rxc4 39. h5 Rxf4 40. hxg6+ Kxg6 41. Rd6+ Rf6 42. Rd7 a5 43. Kg2 Kg5 44. Kg3 Rf5 45. Rg7+ Kf6 46. Rc7 Rc5 47. a4 h5 48. Rh7 Rc3+ 49. Kf2 Kg5 50. Rg7+ Kf4 51. Rf7+ Ke4 52. Re7+ Kd4 53. Ke2 h4 54. Rh7 Rh3 55. Ra7 Re3+ 56. Kf2 Re5 57. Rh7 c5 58. Rxh4+ Kc3 0-1

[Event "48th Rilton Cup 2018"]
[Site "Stockholm"]
[Date "2018.12.27"]
[Round "1"]
[White "Couso, Luis"]
[Black "Moroni, Luca Jr"]
[Result "0-1"]
[ECO "A13"]
[WhiteElo "2285"]
[BlackElo "2564"]
[Annotator "ChessBase"]
[PlyCount "106"]
[EventDate "2018.12.27"]
[EventType "swiss"]
[EventCountry "SWE"]
[SourceTitle "playchess.com"]
[Source "ChessBase"]
[SourceQuality "1"]
[TimeControl "40/5400+30:1800+30"]

1. c4 e6 2. g3 d5 3. Bg2 Nf6 4. Nf3 dxc4 5. Na3 c6 6. Nxc4 Be7 7. O-O O-O 8. d4 b5 9. Nce5 Bb7 10. Bg5 Nbd7 11. Bxf6 Nxf6 12. Rc1 Qb6 13. Nd3 Rfd8 14. Qc2 Nd7 15. e3 Rac8 16. b4 a5 17. a3 Ra8 18. h4 axb4 19. axb4 Ra4 20. Rb1 Qa6 21. Ng5 Ra2 22. Rb2 Rxb2 23. Qxb2 Ra8 24. Rc1 Qa3 25. Qb1 h6 26. Ne4 Ra4 27. Rc3 Qa1 28. Rc1 Qxb1 29. Rxb1 Kf8 30. g4 Ke8 31. Kh2 Kd8 32. Kg3 Kc7 33. g5 Ra3 34. Bf1 Bc8 35. Rc1 Kb6 36. Ndc5 Nxc5 37. bxc5+ Kc7 38. Kf4 f5 39. Nd6 Bd7 40. Nf7 Be8 41. Ne5 Ra2 42. f3 Bd8 43. Bh3 Bh5 44. Rg1 hxg5+ 45. hxg5 g6 46. Rb1 Ra6 47. e4 Ra4 48. Rd1 Be7 49. Rd3 Ra1 50. Nf7 b4 51. d5 cxd5 52. exd5 exd5 53. Rxd5 b3 0-1

[Event "48th Rilton Cup 2018"]
[Site "Stockholm"]
[Date "2018.12.27"]
[Round "1"]
[White "Risting, Eivind Olav"]
[Black "Heberla, Bartlomiej"]
[Result "0-1"]
[ECO "E94"]
[WhiteElo "2281"]
[BlackElo "2550"]
[Annotator "ChessBase"]
[PlyCount "62"]
[EventDate "2018.12.27"]
[EventType "swiss"]
[EventCountry "SWE"]
[SourceTitle "playchess.com"]
[Source "ChessBase"]
[SourceQuality "1"]
[TimeControl "40/5400+30:1800+30"]

1. d4 Nf6 2. c4 d6 3. Nc3 Nbd7 4. e4 e5 5. Nf3 g6 6. Be2 Bg7 7. O-O O-O 8. Be3 c6 9. d5 c5 10. Ne1 a6 11. a3 Ne8 12. Nd3 f5 13. exf5 gxf5 14. f4 e4 15. Nf2 b5 16. cxb5 axb5 17. Bxb5 Nc7 18. Bc6 Rb8 19. Rb1 Nb6 20. Qc2 Nc4 21. Bc1 Ba6 22. Re1 Bd4 23. Ncd1 Nb6 24. Ne3 Nbxd5 25. Bxd5+ Nxd5 26. g3 Nxe3 27. Bxe3 d5 28. Bxd4 cxd4 29. Qa4 Qb6 30. Rbc1 d3 31. Rc6 Bb5 0-1

[Event "48th Rilton Cup 2018"]
[Site "Stockholm"]
[Date "2018.12.27"]
[Round "1"]
[White "Mullick, Raahil"]
[Black "Debashis, Das"]
[Result "0-1"]
[ECO "B90"]
[WhiteElo "2276"]
[BlackElo "2544"]
[Annotator "ChessBase"]
[PlyCount "120"]
[EventDate "2018.12.27"]
[EventType "swiss"]
[EventCountry "SWE"]
[SourceTitle "playchess.com"]
[Source "ChessBase"]
[SourceQuality "1"]
[TimeControl "40/5400+30:1800+30"]

1. e4 c5 2. Nf3 d6 3. d4 cxd4 4. Nxd4 Nf6 5. Nc3 a6 6. Be3 e5 7. Nb3 Be6 8. f3 h5 9. Nd5 Bxd5 10. exd5 Nbd7 11. Qd2 g6 12. Be2 Qc7 13. O-O Nb6 14. c4 Nxc4 15. Bxc4 Qxc4 16. Rfd1 Be7 17. Na5 Qb5 18. a4 Qd7 19. Nc4 Rb8 20. Qb4 O-O 21. Ra3 Rfe8 22. Rb3 e4 23. Ba7 Rbd8 24. a5 Qf5 25. Ne3 Qg5 26. fxe4 Bf8 27. Rd4 Bg7 28. Rc4 Rd7 29. Nf1 Ng4 30. h3 Ne5 31. Rc2 Rf8 32. Be3 Qe7 33. Rf2 Rc8 34. Nd2 Rc2 35. Bb6 Bh6 36. Nf1 Rc4 37. Qe1 Rc1 38. Qe2 Nc4 39. Bd4 Rc7 40. Rc3 Ne5 41. Rxc7 Rxc7 42. Bc3 Bg7 43. Nd2 Nd7 44. Bxg7 Kxg7 45. Nc4 Ne5 46. Nb6 Qg5 47. Rf1 Rc5 48. Qf2 Qd8 49. Qd2 Qc7 50. Na8 Qe7 51. Rc1 Nd7 52. b4 Rxc1+ 53. Qxc1 Nf6 54. Qc3 Kh7 55. Nc7 Nxe4 56. Qe3 Qe5 57. Qb6 Ng3 58. Qf2 Kg8 59. b5 h4 60. Qd2 Qa1+ 0-1

[Event "48th Rilton Cup 2018"]
[Site "Stockholm"]
[Date "2018.12.27"]
[Round "1"]
[White "Storme, Isak"]
[Black "Lalith Babu M R"]
[Result "0-1"]
[ECO "C54"]
[WhiteElo "2271"]
[BlackElo "2529"]
[Annotator "ChessBase"]
[PlyCount "70"]
[EventDate "2018.12.27"]
[EventType "swiss"]
[EventCountry "SWE"]
[SourceTitle "playchess.com"]
[Source "ChessBase"]
[SourceQuality "1"]
[TimeControl "40/5400+30:1800+30"]

1. e4 e5 2. Nf3 Nc6 3. Bc4 Bc5 4. c3 Nf6 5. d3 O-O 6. O-O d5 7. exd5 Nxd5 8. Re1 Bg4 9. Nbd2 Nb6 10. Bb5 Bd6 11. Ne4 Re8 12. h3 Bh5 13. Ng3 Bg6 14. h4 h6 15. Be3 a6 16. Bxc6 bxc6 17. h5 Bh7 18. d4 e4 19. Ne5 Bxe5 20. dxe5 Nc4 21. Bd4 c5 22. Bxc5 Nxb2 23. Qd4 Nd3 24. Re3 Nxe5 25. Rd1 Qh4 26. Qa4 Ng4 27. Re2 e3 28. Rd4 Qh2+ 29. Kf1 Nxf2 30. Rxf2 Qxg3 31. Re2 Qg5 32. Qc4 Re5 33. Rf4 Rxc5 34. Qxf7+ Kh8 35. Rxe3 Bg8 0-1

[Event "48th Rilton Cup 2018"]
[Site "Stockholm"]
[Date "2018.12.28"]
[Round "2"]
[White "Lagarde, Maxime"]
[Black "Koykka, Pekka"]
[Result "1-0"]
[ECO "D00"]
[WhiteElo "2616"]
[BlackElo "2405"]
[Annotator "ChessBase"]
[PlyCount "65"]
[EventDate "2018.12.27"]
[EventType "swiss"]
[EventCountry "SWE"]
[SourceTitle "playchess.com"]
[Source "ChessBase"]
[SourceQuality "1"]
[TimeControl "40/5400+30:1800+30"]

1. d4 d5 2. Bf4 Nf6 3. e3 Bf5 4. Nc3 e6 5. Nb5 Na6 6. a3 c6 7. Nc3 Nb8 8. Nf3 Be7 9. Ne5 h6 10. h4 Bh7 11. Bd3 Nbd7 12. Qf3 Nxe5 13. dxe5 Nd7 14. Qg4 Bf8 15. Bg3 Qb6 16. b4 Bxd3 17. cxd3 Qa6 18. Qd1 c5 19. O-O Be7 20. bxc5 Nxc5 21. d4 Nd7 22. Qg4 Qd3 23. Qxg7 Rh7 24. Qg8+ Nf8 25. Rfc1 h5 26. Rab1 Bxa3 27. Rxb7 Bxc1 28. Nb5 Ba3 29. Nd6+ Bxd6 30. exd6 O-O-O 31. Rc7+ Kb8 32. d7 Qb1+ 33. Rc1+ 1-0

[Event "48th Rilton Cup 2018"]
[Site "Stockholm"]
[Date "2018.12.28"]
[Round "2"]
[White "Karthikeyan, Murali"]
[Black "Lindberg, Bengt"]
[Result "1-0"]
[ECO "C77"]
[WhiteElo "2591"]
[BlackElo "2404"]
[Annotator "ChessBase"]
[PlyCount "67"]
[EventDate "2018.12.27"]
[EventType "swiss"]
[EventCountry "SWE"]
[SourceTitle "playchess.com"]
[Source "ChessBase"]
[SourceQuality "1"]
[TimeControl "40/5400+30:1800+30"]

1. e4 e5 2. Nf3 Nc6 3. Bb5 a6 4. Ba4 Nf6 5. d3 b5 6. Bb3 Bc5 7. Nc3 d6 8. Nd5 h6 9. c3 O-O 10. Nxf6+ Qxf6 11. Bd5 Bd7 12. Rg1 h5 13. h3 Rae8 14. Bg5 Qg6 15. Qd2 Nd8 16. O-O-O Ne6 17. Be3 c6 18. Bb3 a5 19. g4 Qf6 20. Rg3 hxg4 21. hxg4 a4 22. Bxe6 fxe6 23. Rh1 Qxf3 24. Rxf3 Rxf3 25. d4 exd4 26. cxd4 Bb6 27. e5 Ref8 28. exd6 a3 29. bxa3 Ra8 30. Qd3 Ra4 31. Qh7+ Kf8 32. Qh8+ Kf7 33. Rh7 Rc4+ 34. Kb1 1-0